 Dungeon Crawl Stone Soup version 0.27-a0-419-g7a85846853 (webtiles) character file.

Game seed: 13261842001707194104

11 Chiseanne the Sneak (level 2, 0/22 HPs)
             Began as a Demonspawn Wanderer on Feb 26, 2021.
             Slain by a rat (2 damage)
             ... on level 1 of the Dungeon.
             The game lasted 00:01:07 (543 turns).

Chiseanne the Sneak (Demonspawn Wanderer)            Turns: 543, Time: 00:01:07

Health: 0/22       AC:  3    Str: 13    XL:     2   Next: 13%
Magic:  2/2        EV: 11    Int: 13    God:
Gold:   20         SH:  3    Dex: 11    Spells: 1/1 levels left

rFire    . . .     SeeInvis .   g - +0 short sword
rCold    . . .     Faith    .   c - +0 buckler
rNeg     . . .     Spirit   .   d - +0 robe
rPois    .         Reflect  .   (no helmet)
rElec    .         Harm     .   (no cloak)
rCorr    .         Rampage  .   (no gloves)
Will     .....                  k - +0 pair of boots
Stlth    ++........             (no amulet)
HPRegen  0.07/turn              (no ring)
MPRegen  0.08/turn              (no ring)

@: no status effects
A: demonic magic 1
a: no special abilities


You were on level 1 of the Dungeon.
You visited 1 branch of the dungeon, and saw 1 of its levels.

You collected 20 gold pieces.

Inventory:

Hand Weapons
 g - a +0 short sword (weapon)
Missiles
 j - 26 stones (quivered)
Armour
 a - a +0 ring mail
 c - a +0 buckler (worn)
 d - a +0 robe (worn)
 k - a +0 pair of boots (worn)
Jewellery
 i - a ring of resist corrosion
Scrolls
 f - a scroll of fear {unknown}
 h - a scroll of teleportation {unknown}
Potions
 b - a potion of lignification
 e - 2 potions of haste


   Skills:
 * Level 2.3 Fighting
 - Level 1.0 Long Blades
 - Level 1.0 Throwing
 * Level 0.7 Dodging
 - Level 2.6 Stealth
 * Level 1.4 Shields
 - Level 1.7 Unarmed Combat


You had one spell level left.
You didn't know any spells.
Your spell library was empty.

Dungeon Overview and Level Annotations

Branches:
Dungeon (1/15)

Altars:


Innate Abilities, Weirdness & Mutations

Spells you cast may paralyse adjacent enemies.


Message History

You closely miss the jackal.
The jackal bites you but does no damage.
The jackal bites you.
You closely miss the jackal.
The jackal bites you but does no damage.
The jackal barely misses you.
You barely miss the jackal. The jackal completely misses you.
The jackal barks!
You hit the jackal.
The jackal is severely wounded.
The jackal bites you. The jackal closely misses you.
You closely miss the jackal.
The jackal is severely wounded.
The jackal misses you. The jackal barely misses you.
You barely miss the jackal.
The jackal is severely wounded.
You block the jackal's attack.
You hit the jackal.
You kill the jackal!
The bat barely misses you. The bat hits you but does no damage.
You see here a jackal corpse.
You hit the rat but do no damage. The rat barely misses you.
You barely miss the rat. The rat bites you.
You hit the rat but do no damage. The rat closely misses you.
You hit the rat.
The rat is moderately wounded.
The rat misses you. x2
You barely miss the rat. The rat closely misses you.
You barely miss the rat. The rat bites you.
* * * LOW HITPOINT WARNING * * *
You closely miss the rat. The rat bites you.
* * * LOW HITPOINT WARNING * * *
You completely miss the rat. The rat bites you but does no damage.
You hit the rat but do no damage. The rat bites you.
* * * LOW HITPOINT WARNING * * *
You closely miss the rat. The rat misses you. The rat bites you.
* * * LOW HITPOINT WARNING * * *
You barely miss the rat. The rat bites you.
You die...

# ### ..##########
#..........### ##
##########...####
.# .
###....####.##...#
####.@rghb......
######$......
....... .......
h...... ####.## .#
#


You could see a jackal, a hobgoblin, a bat and a rat.

Vanquished Creatures
  A dart slug (D:1)
  2 hobgoblins (D:1)
  A jackal (D:1)
  A bat (D:1)
  A frilled lizard (D:1)
  3 kobolds (D:1)
9 creatures vanquished.

Notes
Turn   | Place    | Note
-------+----------+-------------------------------------------
     0 | D:1      | Chiseanne the Demonspawn Wanderer began the quest for the
                  | Orb.
     0 | D:1      | Chiseanne set off with the following items: a +0 club, a
                  | potion of lignification, a +0 buckler, a +0 robe, 2 potions
                  | of haste, a +0 dagger
     0 | D:1      | Reached XP level 1. HP: 16/16 MP: 1/1
     1 | D:1      | Noticed an electric eel
   282 | D:1      | Gained mutation: Spells you cast may paralyse adjacent
                  | enemies. [demonic ancestry]
   282 | D:1      | Reached XP level 2. HP: 8/22 MP: 2/2
   543 | D:1      | Slain by a rat

Illustrated notes

Levels and vault maps discovered:
D:1:      arrival_aquarium_a, layout_rooms

Action                   || total
-------------------------++-------
Melee: Short sword       ||    41
 Stab: Sleeping          ||     2
Armor: Robe              ||     9
Dodge: Dodged            ||    26
Block: Buckler           ||     5

Table legend: (Time is in decaauts)
 A = Elapsed time spent in this place.
 B = Non-inter-level travel time spent in this place.
 C = Inter-level travel time spent in this place.
 D = Time resting spent in this place.
 E = Time spent auto-exploring this place.
 F = Levels seen in this place.
 G = Mean time per level.
                   A        B        C        D        E       F      G
               +--------+--------+--------+--------+--------+-----+--------+
         Total |    549 |    549 |      0 |    228 |    190 |   1 |  549.0 |
       Dungeon |    549 |    549 |      0 |    228 |    190 |   1 |  549.0 |
               +--------+--------+--------+--------+--------+-----+--------+

Top non-repeatable levels by time:
     D:1: 549 daAuts
